 Dungeon Crawl Stone Soup version 0.29-a0-322-g68df515428 (webtiles) character file.

Game seed: 5352467640174193649

186 Ijustatesigmund the Magician (level 5, -4/28 HPs)
             Began as a Deep Elf Fire Elementalist on Apr 8, 2022.
             Killed from afar by an acid dragon (15 damage)
             ... with a splash of acid
             ... on level 3 of the Dungeon.
             The game lasted 00:07:10 (3864 turns).

Ijustatesigmund the Magician (DEFE)                 Turns: 3864, Time: 00:07:10

Health: -4/28      AC:  7    Str:  5    XL:     5   Next: 38%
Magic:  12/14      EV: 12    Int: 22    God:
Gold:   100        SH:  0    Dex: 15    Spells: 11/14 levels left

rFire   . . .      SeeInvis .   g - +1 rapier
rCold   + + .      Faith    .   (no shield)
rNeg    . . .      Spirit   .   a - +0 robe
rPois   .          Reflect  .   d - +2 hat "Hoilod" {rElec rC++}
rElec   +          Harm     .   (no cloak)
rCorr   .          Rampage  .   i - +2 pair of gloves
Will    .....                   (no boots)
Stlth   ++........              (no amulet)
HPRegen 0.09/turn               (no ring)
MPRegen 0.14/turn               (no ring)

@: no status effects
A: no striking features
a: no special abilities


You were on level 3 of the Dungeon.
You visited 1 branch of the dungeon, and saw 4 of its levels.

You collected 100 gold pieces.

Inventory:

Hand Weapons
 g - a +1 rapier (weapon)
Armour
 a - a +0 robe (worn)
 d - the +2 hat "Hoilod" (worn) {rElec rC++}
   (You acquired it on level 2 of the Dungeon)

   rC:        It greatly protects you from cold.
   rElec:     It insulates you from electricity.
 i - a +2 pair of gloves (worn)
Jewellery
 m - a ring of flight
Scrolls
 p - a scroll of enchant armour
Potions
 b - a potion of magic
 c - 2 potions of haste
 e - a potion of attraction
 h - 2 potions of curing {unknown}
 j - a potion of ambrosia {unknown}
 k - a potion of brilliance {unknown}
 l - a potion of mutation {unknown}
 n - a potion of heal wounds {unknown}


   Skills:
 - Level 2.4 Dodging
 - Level 2.4 Stealth
 + Level 5.0 Spellcasting
 + Level 3.4 Conjurations
 + Level 4.7 Fire Magic


You had 11 spell levels left.
You knew the following spells:

 Your Spells              Type           Power      Damage    Failure   Level
a - Foxfire               Conj/Fire      92%        2x1d8     1%          1
b - Scorch                Fire           52%        2d7       2%          2

Your spell library contained the following spells:

 Spells                   Type           Power      Damage    Failure   Level
 Conjure Flame            Conj/Fire      23%        6-21      6%          3
 Animate Skeleton         Necr           10%        N/A       10%         1
 Apportation              Tloc           10%        N/A       10%         1
 Summon Small Mammal      Summ           20%        N/A       10%         1
 Inner Flame              Hex/Fire       15%        N/A       12%         3
 Flame Wave               Conj/Fire      23%        2d7       19%         4


Dungeon Overview and Level Annotations

Branches:
Dungeon (4/15)
 Temple: D:4-7

Altars:
Qazlal
Trog

Shops:
D:2 =

Annotations:
D:4 Duvessa


Message History

Your foxfire dissipates!
You see here a frilled lizard corpse.
You open the door.
Found 15 stones.
There is an open door here.
Found 15 stones.
You see here 15 stones.
f - a scroll labelled WUEDA QEIXUCVO
As you read the scroll labelled WUEDA QEIXUCVO, it crumbles to dust.
You hear a loud clanging noise!
It was a scroll of noise.
Done exploring.
Done exploring.
(D) Dungeon
Where to? (Enter - D:3, ? - help)
There is an open door here.
You see here a frilled lizard corpse.
Things that are here:
a +0 whip; a kobold corpse
There is a stone staircase leading down here.
You climb downwards.
Duvessa shouts!
The acid dragon roars!
Found 9 gold pieces.
There is a stone staircase leading up here.
There are monsters nearby!
The acid dragon spits acid at you. The splash of acid hits you!
Ouch! That really hurt!
You hear a shout!
You climb upwards.
There is a stone staircase leading down here.
Casting: Foxfire (safe; 1% risk of failure)
Confirm with . or Enter, or press ? or * to list all spells.
Flames lash the acid dragon.
The acid dragon is lightly wounded.
The acid dragon's fire resistance burns away.
The acid dragon spits acid at you. The splash of acid hits you!
Ouch! That really hurt!
You die...

.......# ..####.# .......##
########### ........####
#.........# #..........#
#.........# ......#<.#.#
#.........# ##.#######.#
#.........#
##.#.(#..#.###.........##########
##.#(...##<....D@................
##)##....#.###.........#########.
##..#.#.##.# #.........# ####.
##†####..#.############## #....
##..#.##'#.#...(........# #.###
##.......#.#............# #.#
##########.#............# #.#
#....).....#............# #.#
#..#########............# #.#


You could see an acid dragon (catching breath, combustible).

Vanquished Creatures
  A scorpion (D:3)
  Jessica (D:3)
  2 adders
  2 worms (D:2)
  2 dart slugs
  2 orcs (D:3)
  3 endoplasms
  A giant cockroach (D:2)
  5 goblins
  8 hobgoblins
  5 jackals
  3 quokkas
  5 ball pythons
  5 bats
  6 frilled lizards
  7 kobolds
  8 rats
66 creatures vanquished.

Vanquished Creatures (others)
  204 foxfires
204 creatures vanquished.

Grand Total: 270 creatures vanquished

Notes
Turn   | Place    | Note
-------+----------+-------------------------------------------
     0 | D:1      | Ijustatesigmund the Deep Elf Fire Elementalist began the
                  | quest for the Orb.
     0 | D:1      | Reached XP level 1. HP: 10/10 MP: 6/6
   185 | D:1      | Reached XP level 2. HP: 15/15 MP: 0/8
   538 | D:1      | Found a faded altar of an unknown god.
  1814 | D:2      | Reached XP level 3. HP: 19/19 MP: 3/10
  1872 | D:2      | Learned a level 2 spell: Scorch
  2078 | D:2      | Reached skill level 4 in Spellcasting
  2258 | D:2      | Found Noeffuonu's Jewellery Shoppe.
  2337 | D:2      | Identified a scroll of acquirement
  2337 | D:2      | Acquired the +2 hat "Hoilod" {rElec rC++}
  2825 | D:3      | Found a bloodstained altar of Trog.
  2839 | D:3      | Reached XP level 4. HP: 24/24 MP: 9/12
  3084 | D:3      | Found a stormy altar of Qazlal.
  3295 | D:3      | Noticed Jessica
  3300 | D:3      | Killed Jessica
  3546 | D:3      | Noticed a scorpion
  3551 | D:3      | Killed a scorpion
  3552 | D:3      | Reached skill level 5 in Spellcasting
  3552 | D:3      | Reached XP level 5. HP: 24/28 MP: 5/14
  3861 | D:4      | Noticed Duvessa
  3861 | D:4      | Noticed an acid dragon
  3864 | D:3      | Killed from afar by an acid dragon

Illustrated notes

Levels and vault maps discovered:
D:1:      beargit_arrival_greenhouse, layout_basic,
          dreamdust_ecumenical_altar_sealed_demon, minmay_tromino_v7
D:2:      layout_loops_corners, serial_shops, nicolae_shop_crystal
D:3:      minmay_wonky_spiral, layout_basic, trog_antimagical,
          lemuel_crystal_altar, minmay_misc_feat_enclosed, uniq_jessica
D:4:      layout_loops_cross, nicolae_shop_self_help, uniq_duvessa, uniq_edmund,
          uniq_sigmund

Skill      XL: |  1  2  3  4 |
---------------+-------------+-----
Conjurations   | 2 3 |  3.4
Spellcasting   | 4 5 |  5.0
Fire Magic     | 4 |  4.7
Dodging        | |  2.4
Stealth        | |  2.4

Action                   |  1- 3 |  4- 6 || total
-------------------------+-------+-------++-------
Melee: Rapier            |     1 |     1 ||     2
 Cast: Foxfire           |    95 |    28 ||   123
       Scorch            |     1 |     5 ||     6
  Use: Scroll            |     6 |     3 ||     9
Armor: Robe              |     6 |    10 ||    16
Dodge: Dodged            |    23 |    15 ||    38

Table legend: (Time is in decaauts)
 A = Elapsed time spent in this place.
 B = Non-inter-level travel time spent in this place.
 C = Inter-level travel time spent in this place.
 D = Time resting spent in this place.
 E = Time spent auto-exploring this place.
 F = Levels seen in this place.
 G = Mean time per level.
                   A        B        C        D        E       F      G
               +--------+--------+--------+--------+--------+-----+--------+
         Total |   3863 |   3772 |     91 |    625 |   2665 |   4 |  965.8 |
       Dungeon |   3863 |   3772 |     91 |    625 |   2665 |   4 |  965.8 |
               +--------+--------+--------+--------+--------+-----+--------+

Top non-repeatable levels by time:
     D:1: 1461 daAuts
     D:2: 1218 daAuts
     D:3: 1182 daAuts
     D:4: 1 daAuts
